 Dungeon Crawl Stone Soup version 0.17.1-1-g73c8601 (webtiles) character file.

1108 Goblin1989 the Covert (level 8, -1/38 HPs)
             Began as a Vine Stalker Assassin on Jan 2, 2016.
             Was an Initiate of Ashenzari.
             Slain by a wraith (7 damage)
             ... on level 6 of the Dungeon.
             The game lasted 00:21:02 (4448 turns).

Goblin1989 the Covert (Vine Stalker Assassin)       Turns: 4448, Time: 00:21:02

Health: -1/38      AC:  4    Str: 14    XL:     8   Next: 33%
Magic:  0/9        EV: 11    Int: 15    God:    Ashenzari [......]
Gold:   254        SH:  0    Dex: 18    Spells: 0 memorised, 7 levels left

rFire  . . .     SeeInvis .     a - +2 dagger (flame)
rCold  . . .     Clarity  .     c - +0 robe
rNeg   . . .     SustAt   .     (no shield)
rPois  +         Gourm    .     z - +1 helmet
rElec  .         Spirit   +     d - +0 cloak
rCorr  .         Warding  .     (no gloves)
rMut   .         Stasis   .     (no boots)
MR     +....                    (no amulet)
Stlth  ++++......               (no ring)
                                (no ring)

@: slowed, very slow, somewhat resistant to hostile enchantments, stealthy
A: fangs 3, clever 2, deformed body, poison resistance, regeneration 2, magic
shield, antimagic bite, no device heal 3, rot immunity
a: Renounce Religion


You were on level 6 of the Dungeon.
You worshipped Ashenzari.
Ashenzari was noncommittal.
You were very hungry.

You visited 1 branch of the dungeon, and saw 6 of its levels.

You collected 254 gold pieces.

Inventory:

Hand Weapons
 a - a +2 dagger of flaming (weapon)
 b - a +0 blowgun
 w - a +2 dagger
Missiles
 e - 28 poisoned needles
 f - 2 curare-tipped needles
Armour
 c - a +0 robe (worn)
 d - a +0 cloak (worn)
 z - a +1 helmet (worn)
Wands
 D - a wand of disintegration (15)
Scrolls
 l - 4 scrolls of enchant armour {unknown}
 r - 3 scrolls of recharging {unknown}
 u - 8 scrolls of identify {unknown}
 v - a scroll of random uselessness {unknown}
 x - a scroll of fog {unknown}
 y - a scroll of enchant weapon {unknown}
 A - a scroll of magic mapping {unknown}
 C - a scroll of immolation {unknown}
 E - a scroll of fear {unknown}
Potions
 h - 2 potions of invisibility {unknown}
 i - 2 potions of ambrosia {migth???, unknown}
 j - 4 potions of curing {unknown}
 k - 2 potions of mutation {unknown}
 o - a potion of resistance {unknown}
 p - 2 potions of flight {unknown}
 q - a potion of cancellation {unknown}
 s - a potion of agility {unknown}
 t - a potion of degeneration {unknown}
 B - a potion of berserk rage {unknown}
Comestibles
 g - 4 bread rations
 m - a slice of pizza
 n - 2 meat rations
 F - a beef jerky


   Skills:
 - Level 1.7 Fighting
 * Level 7.3 Short Blades
 - Level 1.7 Throwing
 - Level 0.7 Dodging
 + Level 8.7 Stealth


You had 7 spell levels left.
You didn't know any spells.

Dungeon Overview and Level Annotations

Branches:
Dungeon (6/15)
 Temple: D:4-7

Altars:
Ashenzari
Elyvilon
Gozag
Makhleb
Ru
Vehumet
Xom
The Shining One

Annotations:
D:4 Grinder


Innate Abilities, Weirdness & Mutations

You have razor-sharp teeth.
You heal very quickly.
When hurt, damage is shared between your health and your magic reserves.
Your bite disrupts and absorbs the magic of your enemies.
Potions and wands cannot restore your health.
You are immune to rotting.
Your mind is very acute. (Int +4)
Armour fits poorly on your strangely shaped body.
Your system is resistant to poisons.


Message History

You closely miss the wraith.
The wraith is severely damaged.
The wraith hits you. The wraith drains your vigour!
You feel as though you will be slow longer.
* * * LOW HITPOINT WARNING * * *
You hit the wraith but do no damage. You bite the wraith, but do no damage.
The wraith is severely damaged.
The wraith hits you.
You hit the wraith but do no damage. You bite the wraith, but do no damage.
The wraith is severely damaged.
The wraith hits you.
* * * LOW HITPOINT WARNING * * *
You hit the wraith but do no damage. You bite the wraith, but do no damage.
The wraith is severely damaged.
The wraith hits you.
* * * LOW HITPOINT WARNING * * *
You barely miss the wraith.
The wraith is severely damaged.
The wraith hits you!
You die...

#+#....####.####.
..##........##.....##.
............#.......#.
...........#.......#.
### ....... #....._.....
....##....###.#.......#.
..............#.......#.
.......W......##.....##.
.......@......####.####.
....>...................
................#####...
......###+#####.# #.#.
...... #.# #.#.
......###+#####.# #.#.
..............#.# #.#.
..............#.#####.#.
#..........#.........


You could see a wraith.

Vanquished Creatures
  Prince Ribbit (D:5)
  A sky beast (D:5)
  A centaur (D:6)
  An ogre (D:6)
  A necrophage (D:6)
  A wyvern skeleton (D:6)
  A crimson imp (D:6)
  A jelly (D:6)
  An iguana (D:5)
  3 orc priests
  5 worker ants
  2 hounds (D:3)
  A hound skeleton (D:6)
  6 adders
  An ooze (D:3)
  An adder skeleton (D:6)
  A worm (D:3)
  10 orcs
  2 ball pythons
  5 giant cockroaches
  3 goblins
  7 hobgoblins
  6 jackals (D:1)
  A ball python zombie (D:5)
  A bat (D:1)
  4 giant geckos
  A giant gecko skeleton (D:5)
  2 giant newts
  A jackal skeleton (D:4)
  A jackal zombie (D:5)
  10 kobolds
  11 rats
94 creatures vanquished.

Notes
Turn   | Place    | Note
--------------------------------------------------------------
     0 | D:1      | Goblin1989 the Vine Stalker Assassin began the quest for the Orb.
     0 | D:1      | Reached XP level 1. HP: 11/11 MP: 2/2
    13 | D:1      | Noticed an electric eel
   211 | D:1      | Reached skill level 5 in Stealth
   228 | D:1      | Reached XP level 2. HP: 10/15 MP: 3/3
   576 | D:1      | Reached XP level 3. HP: 18/18 MP: 4/4
  1323 | D:2      | Found a sacrificial altar of Ru.
  1617 | D:2      | Reached XP level 4. HP: 23/23 MP: 5/5
  1937 | D:3      | Reached skill level 6 in Stealth
  2062 | D:3      | Reached XP level 5. HP: 10/26 MP: 3/6
  2451 | D:4      | Found a shimmering altar of Xom.
  2451 | D:4      | Found a shimmering altar of Xom.
  2451 | D:4      | Found a shimmering altar of Xom.
  2451 | D:4      | Found a shimmering altar of Xom.
  2529 | D:3      | Gained mutation: You heal very quickly. [Vine Stalker growth]
  2529 | D:3      | Reached XP level 6. HP: 5/30 MP: 1/7
  2738 | D:4      | Reached skill level 7 in Stealth
  2804 | D:4      | Found a shimmering altar of Xom.
  2806 | D:4      | Found a shimmering altar of Xom.
  2817 | D:4      | Found a shimmering altar of Xom.
  2817 | D:4      | Found a shimmering altar of Xom.
  2821 | D:4      | Found a shimmering altar of Xom.
  2849 | D:4      | Noticed Grinder
  2855 | D:4      | Paralysed by Grinder for 2 turns
  3001 | D:5      | Entered Level 5 of the Dungeon
  3003 | D:5      | Reached skill level 5 in Short Blades
  3050 | D:5      | Found a white marble altar of Elyvilon.
  3134 | D:5      | Found a shattered altar of Ashenzari.
  3138 | D:5      | Became a worshipper of Ashenzari the Shackled
  3243 | D:5      | Found a radiant altar of Vehumet.
  3307 | D:5      | Noticed Prince Ribbit
  3322 | D:5      | Killed Prince Ribbit
  3322 | D:5      | Reached XP level 7. HP: 22/34 MP: 8/8
  3380 | D:5      | Found an opulent altar of Gozag.
  3566 | D:5      | Reached skill level 8 in Stealth
  3572 | D:5      | Gained mutation: You can translocate small distances at will. [mutagenic meat]
  3573 | D:5      | Lost mutation: You can translocate small distances at will. [mutagenic meat]
  3574 | D:5      | Gained mutation: Your mind is acute. (Int +2) [mutagenic meat]
  3575 | D:5      | Gained mutation: Your system is resistant to poisons. [mutagenic meat]
  3576 | D:5      | Gained mutation: Your mind is very acute. (Int +4) [mutagenic meat]
  3577 | D:5      | Gained mutation: Armour fits poorly on your strangely shaped body. [mutagenic meat]
  4173 | D:6      | Gained mutation: You have razor-sharp teeth. [Vine Stalker growth]
  4173 | D:6      | Reached XP level 8. HP: 14/38 MP: 9/9
  4230 | D:6      | Found a burning altar of Makhleb.
  4408 | D:6      | Found a glowing golden altar of the Shining One.
  4432 | D:6      | Noticed a wraith
  4448 | D:6      | Slain by a wraith

Action                   |  1- 3 |  4- 6 |  7- 9 || total
-------------------------+-------+-------+-------++-------
Melee: Dagger            |   100 |   110 |    77 ||   287
 Fire: Blowgun           |     8 |    27 |     8 ||    43
 Stab: Sleeping          |    12 |    17 |     3 ||    32
       Distracted        |       |       |     3 ||     3
  Eat: Chunk             |     2 |     5 |     9 ||    16
